 Dungeon Crawl Stone Soup version 0.22-a0-757-gdba82d8 (webtiles) character file.

58 kae the Firebug (level 4, 0/24 HPs)
             Began as a Tengu Fire Elementalist on July 16, 2018.
             Slain by a hobgoblin (5 damage)
             ... on level 2 of the Dungeon.
             The game lasted 00:02:11 (2502 turns).

kae the Firebug (Tengu Fire Elementalist)           Turns: 2502, Time: 00:02:12

Health: 0/24       AC:  2    Str:  8    XL:     4   Next: 2%
Magic:  2/8        EV: 12    Int: 17    God:
Gold:   88         SH:  4    Dex: 14    Spells: 1/7 levels left

rFire    . . .     SeeInvis .   h - +0 mace
rCold    . . .     Gourm    .   g - +0 buckler
rNeg     . . .     Faith    .   a - +0 robe
rPois    .         Spirit   .   (helmet restricted)
rElec    .         Reflect  .   (no cloak)
rCorr    .         Harm     .   (no gloves)
MR       .....                  (boots unavailable)
Stlth    ++........             (no amulet)
HPRegen  0.08/turn              (no ring)
MPRegen  0.11/turn              (no ring)

@: very slightly contaminated
A: beak, talons 3
a: no special abilities


You were on level 2 of the Dungeon.
You were very hungry.

You visited 1 branch of the dungeon, and saw 2 of its levels.

You collected 88 gold pieces.

Inventory:

Hand Weapons
 h - a +0 mace (weapon)
Armour
 a - a +0 robe (worn)
 g - a +0 buckler (worn)
Scrolls
 d - 2 scrolls of remove curse {unknown}
 e - 2 scrolls of identify {unknown}
 i - a scroll of amnesia {unknown}
Potions
 b - a potion of curing {unknown}
 f - a potion of ambrosia {unknown}
 j - a potion of agility {unknown}
 l - a potion of lignification {unknown}
Comestibles
 c - 2 rations


   Skills:
 - Level 2.1 Dodging
 - Level 2.0 Stealth
 + Level 1.1 Shields
 - Level 2.0 Spellcasting
 + Level 2.7 Conjurations
 * Level 4.5 Fire Magic


You had one spell level left.
You knew the following spells:

 Your Spells              Type           Power        Failure   Level  Hunger
a - Flame Tongue          Conj/Fire      ##...        6%          1    #......
b - Throw Flame           Conj/Fire      ##....       10%         2    ###....
c - Conjure Flame         Conj/Fire      ##......     19%         3    ###....

Your spell library contained the following spells:

 Spells                   Type           Power        Failure   Level  Hunger
 Fireball                 Conj/Fire      ##........   86%         5    ######.
 Sticky Flame             Conj/Fire      ##......     52%         4    #####..
 Inner Flame              Hex/Fire       #.......     32%         3    ###....


Dungeon Overview and Level Annotations

Branches:
Dungeon (2/15)

Altars:


Innate Abilities, Weirdness & Mutations

You have a beak for a mouth.
You have claws for feet.


Message History

Aim: a hobgoblin, wearing a plate armour The flame tongue hits the hobgoblin.
The hobgoblin appears unharmed.
The hobgoblin hits you.
* * * LOW HITPOINT WARNING * * *
Casting: Flame Tongue (safe; 6% risk of failure)
Confirm with . or Enter, or press ? or * to list all spells.
Aiming: Flame Tongue (safe; 6% risk of failure)
Press: ? - help, Shift-Dir - straight line, f/p - hobgoblin
Aim: a hobgoblin, wearing a plate armour The flame tongue hits the hobgoblin.
The hobgoblin appears unharmed.
You block the hobgoblin's attack.
Casting: Flame Tongue (safe; 6% risk of failure)
Confirm with . or Enter, or press ? or * to list all spells.
Aiming: Flame Tongue (safe; 6% risk of failure)
Press: ? - help, Shift-Dir - straight line, f/p - hobgoblin
Aim: a hobgoblin, wearing a plate armour The flame tongue hits the hobgoblin.
The hobgoblin is moderately wounded.
The hobgoblin hits you.
You die...

#.# #... #.# #######.#. . #.#
#......... .. #.# #......##.
#....# #.# #......##.
#....######.####......... #######
#........................ ......#
#...........###.##....... ......#
#......g@...# #.##.......
......###.........(.###.##.......
......+....................†.....
......###.#########.###.....#.###
....>.'...............'.....+...#
......###'#########.###.....#.#.#
####..#....##...# #.# #.#####'#.#
#..#....##...###'###.#........
#..#....##........##.#........


You could see a hobgoblin.

Vanquished Creatures
  An adder (D:1)
  2 worms (D:2)
  A dart slug (D:2)
  A giant cockroach (D:1)
  6 goblins
  6 hobgoblins
  7 jackals
  2 kobolds
  A ball python (D:2)
  A bat (D:1)
  5 frilled lizards
  5 rats
38 creatures vanquished.

Notes
Turn   | Place    | Note
-------+----------+-------------------------------------------
     0 | D:1      | kae the Tengu Fire Elementalist began the quest for the Orb.
     0 | D:1      | Reached XP level 1. HP: 10/10 MP: 4/4
   128 | D:1      | You fall through a shaft!
   202 | D:2      | Reached XP level 2. HP: 15/15 MP: 3/6
  1180 | D:1      | Learned a level 2 spell: Throw Flame
  1181 | D:1      | Reached skill level 4 in Fire Magic
  1283 | D:2      | Reached XP level 3. HP: 19/19 MP: 0/7
  1350 | D:2      | Learned a level 3 spell: Conjure Flame
  2034 | D:2      | Reached skill level 1 in Shields
  2372 | D:2      | Reached XP level 4. HP: 24/24 MP: 4/8
  2502 | D:2      | Slain by a hobgoblin

Vault maps used:
D:1:      denvon_arrival_planthouse

Skill      XL: |  1  2  3 |
---------------+----------+-----
Conjurations   | 2 |  2.7
Fire Magic     | 4 |  4.5
Shields        | 1 |  1.1
Dodging        | |  2.1
Stealth        | |  2.0
Spellcasting   | |  2.0

Action                   |  1- 3 |  4- 6 || total
-------------------------+-------+-------++-------
Melee: Unarmed           |    12 |       ||    12
       Peck              |     6 |       ||     6
       Mace              |    19 |       ||    19
       Kick              |     2 |       ||     2
 Cast: Flame Tongue      |    58 |     7 ||    65
       Throw Flame       |     1 |       ||     1
 Stab: Sleeping          |     1 |       ||     1
  Eat: Chunk             |     5 |       ||     5
Armor: Robe              |     6 |     3 ||     9
Dodge: Dodged            |    46 |     3 ||    49
Block: Buckler           |    12 |     1 ||    13

Table legend:
 A = Spawn XP
 B = Non-spawn XP
 C = Spawn XP percentage of total XP
 D = Spawn monster count
 E = Non-spawn monster count
 F = Spawn count percentage of total count
 G = Total turns spent on level
                    A         B        C        D         E        F      G
               +---------+---------+-------+---------+---------+-------+---------
         Total |       0 |      84 |   0.0 |       0 |      38 |   0.0 |  2502
               +---------+---------+-------+---------+---------+-------+---------
           D:1 |       0 |      37 |   0.0 |       0 |      15 |   0.0 |  1385
           D:2 |       0 |      47 |   0.0 |       0 |      23 |   0.0 |  1117
               +---------+---------+-------+---------+---------+-------+---------
